 Dungeon Crawl Stone Soup version 0.23-a0-180-ga5275e7 (webtiles) character file.

13353 Amnesiac the Geomancer (level 11, 0/79 HPs)
             Began as a Mummy Monk on Sept 18, 2018.
             Was a High Priest of Vehumet.
             Slain by an orc warrior
             ... wielding a +0 glaive
              (27 damage)
             ... on level 2 of the Orcish Mines.
             The game lasted 00:28:59 (13077 turns).

Amnesiac the Geomancer (Mummy Monk)                Turns: 13077, Time: 00:29:00

Health: 0/79       AC: 11    Str: 14    XL:     11   Next: 74%
Magic:  26/26      EV: 14    Int: 17    God:    Vehumet [*****.]
Gold:   1210       SH:  5    Dex: 18    Spells: 31/33 levels left

rFire    + . .     SeeInvis .   a - +6 scimitar (freeze)
rCold    + . .     Gourm    .   A - +0 buckler
rNeg     + + +     Faith    .   D - +1 ring mail of the City {Int+5 Dex+2}
rPois    ∞         Spirit   .   w - +0 helmet
rElec    .         Reflect  .   d - +0 cloak
rCorr    .         Harm     .   v - +0 pair of gloves
MR       +....                  E - +1 pair of boots
Stlth    +.........             t - amulet of magic regeneration
HPRegen  0.23/turn              o - ring of protection from fire
MPRegen  0.45/turn              m - ring of protection from fire

@: no status effects
A: no food or potions, fire vulnerability, cold resistance 1, negative energy
resistance 3, torment resistance, unbreathing
a: Renounce Religion


You were on level 2 of the Orcish Mines.
You worshipped Vehumet.
Vehumet was extremely pleased with you.
You were not hungry.

You visited 3 branches of the dungeon, and saw 14 of its levels.

You collected 1255 gold pieces.
You spent 45 gold pieces at shops.

Inventory:

Hand Weapons
 a - a +6 scimitar of freezing (weapon)
Missiles
 n - 100 stones (quivered)
Armour
 d - a +0 cloak (worn)
 p - the +5 ring mail of Duty {rElec rPois rF- Stlth+}
   (You found it on level 5 of the Dungeon)

   It makes you vulnerable to fire.
   It insulates you from electricity.
   It protects you from poison.
   It makes you more stealthy.
 v - a +0 pair of gloves (worn)
 w - a +0 helmet (worn)
 A - a +0 buckler (worn)
 D - the +1 ring mail of the City (worn) {Int+5 Dex+2}
   (You found it on level 10 of the Dungeon)

   It affects your intelligence (+5).
   It affects your dexterity (+2).
 E - a +1 pair of boots (worn)
Magical Staves
 e - an uncursed staff of cold
Jewellery
 m - a ring of protection from fire (right hand)
 o - a ring of protection from fire (left hand)
 t - an amulet of magic regeneration (around neck)
 x - an uncursed ring of flight
 B - an uncursed ring of see invisible
Wands
 b - a wand of random effects (21)
 c - a wand of acid (12)
 s - a wand of iceblast (1)
 C - a wand of polymorph (9)
Scrolls
 f - 4 scrolls of blinking {!r}
 g - 6 scrolls of identify {!r}
 h - 2 scrolls of amnesia {!r}
 i - 4 scrolls of enchant armour {!r}
 j - 3 scrolls of fog {!r}
 k - 3 scrolls of fear {!r}
 l - 3 scrolls of remove curse {!r}
 q - a scroll of vulnerability {!r}
 r - 5 scrolls of teleportation {!r}
 u - 2 scrolls of magic mapping {!r}
 z - a scroll of acquirement {!r}
Miscellaneous
 y - a crystal ball of energy


   Skills:
 - Level 5.1 Fighting
   Level 2.4 Short Blades
 - Level 5.2 Dodging
 - Level 1.5 Stealth
 - Level 4.0 Shields
 + Level 11.5 Spellcasting
 * Level 11.5 Earth Magic


You had 31 spell levels left.
You knew the following spells:

 Your Spells              Type           Power        Failure   Level  Hunger
a - Sandblast             Erth           #####.       1%          1    N/A
z - Confusing Touch       Hex            #.....       16%         1    N/A

Your spell library contained the following spells:

 Spells                   Type           Power        Failure   Level  Hunger
 Iskenderun's Mystic Bla  Conj           #.......     36%         4    N/A
 Animate Skeleton         Necr           N/A          16%         1    N/A
 Apportation              Tloc           #.....       16%         1    N/A
 Summon Small Mammal      Summ           #...         16%         1    N/A

Dungeon Overview and Level Annotations

Branches:
Dungeon (11/15)            Temple (1/1) D:6            Lair (0/6) D:8
    Orc (2/2) D:9
    Elf: Orc:2

Altars:
Ashenzari
Cheibriados
Dithmenos
Elyvilon
Fedhas
Gozag
Hepliaklqana
Kikubaaqudgha
Makhleb
Nemelex Xobeh
Okawaru
Qazlal
Ru
Sif Muna
Trog
Uskayaw
Vehumet
Wu Jian
Xom
Yredelemnul
Zin
The Shining One
Jiyva

Shops:
D:4 :%   D:9 [(?   Orc:2 (

Annotations:
Orc:2 exclusion: upstairs


Innate Abilities, Weirdness & Mutations

You do not eat or drink.
Your flesh is vulnerable to fire.
You are immune to poison.
Your flesh is cold resistant. (rC+)
You are immune to negative energy. (rN+++)
You are immune to unholy pain and torment.
You can survive without breathing.


Message History

The orc warrior hits you with a war axe!
The warg bites you but does no damage.
You hit the orc warrior but do no damage.
The orc warrior is almost dead.
The orc warrior hits you with a war axe!
The warg bites you but does no damage. The orc warrior closely misses you.
You riposte.
You closely miss the orc warrior.
The orc warrior is almost dead.
The warg bites you!
* * * LOW HITPOINT WARNING * * *
You hit the orc warrior. You freeze the orc warrior.
You kill the orc warrior!
Vehumet accepts your kill.
The orc throws a tomahawk.
The tomahawk barely misses you. The warg closely misses you.
You riposte.
You slash the warg! You freeze the warg!
The warg is almost dead.
The warg barely misses you.
You riposte.
You slash the warg! You freeze the warg.
You kill the warg!
Vehumet accepts your kill.
Casting: Sandblast (safe; 1% risk of failure)
Confirm with . or Enter, or press ? or * to list all spells.
Aiming: Sandblast (safe; 1% risk of failure)
Press: ? - help, Shift-Dir - straight line, f - orc
Aim: an orc, wielding a flail and wearing a ring mail The blast of sand hits the orc.
The orc is heavily wounded.
n - 100 stones Unknown command.
You closely miss the orc.
The orc is heavily wounded.
The orc hits you with a flail.
* * * LOW HITPOINT WARNING * * *
You hit the orc. You freeze the orc.
You kill the orc!
Vehumet accepts your kill.
Items here: ) [ †† a flail; a ring mail; an orc corpse; a warg corpse You start resting.
You hear a distant blaring wail to the northwest.
An orc comes into view.
It is wielding a hand axe. 3 orcs and an orc warrior come into view.
An orc is wielding a short sword of draining.
An orc is wielding a whip of holy
Things that are here:
a war axe; a chain mail An orc comes into view.
It is wielding a falchion.
The orc warrior shouts!
The orc shouts! x3
The orc barely misses you. The orc warrior barely misses you.
The orc moves out of view.
You hit the orc but do no damage.
The orc hits you with a whip of holy wrath.
You convulse!
* * * LOW HITPOINT WARNING * * *
The orc closely misses you.
You riposte.
You hit the orc but do no damage.
The orc warrior hits you from afar with a glaive!
* * * LOW HITPOINT WARNING * * *
You slash the orc! You freeze the orc.
You kill the orc!
Vehumet accepts your kill. The orc hits you but does no damage.
You block the orc's attack. The orc closely misses you.
The orc warrior hits you from afar with a glaive!!
You die...

#.....# # ###......# ##
##..... .#.##.......## ##.
#...... #............###..
.......## ##.##..........#..
......).######..........)...
.......((...#.....(.......(.
..#.........#........)......
...#.....o).#).....#.)(.....
....#.#.o.o@).....(.###)....
... ####..oo....##.#####)...
.. #.............###.......
. #.............##........
........#......#.........
.........................
..........<.............#
.......#.#...(......##.##
..#######.........###


You could see an orc warrior and 4 orcs.

Vanquished Creatures
  Harold (D:8)
  2 two-headed ogres
  Nergalle (D:11)
  Pikel (D:8)
  An orc sorcerer (Orc:1)
  An ugly thing (D:10)
  5 centaur zombies
  A centaur skeleton (D:11)
  4 trolls
  A hornet (D:8)
  A slime creature (D:11)
  4 hippogriffs
  A shadow (D:11)
  A wraith (D:10)
  A basilisk (shapeshifter) (D:10)
  A vampire mosquito (D:10)
  A hungry ghost (D:10)
  A warg (Orc:2)
  A swamp drake (D:9)
  3 slaves (D:8)
  9 orc warriors
  6 ogres
  A sky beast (D:9)
  2 phantoms
  2 wolves (D:8)
  3 centaurs
  2 crocodiles
  A big kobold (D:11)
  3 bullfrogs (D:10)
  A scorpion (D:11)
  2 water moccasin skeletons
  4 killer bees (D:10)
  11 wights
  3 electric eels
  A vampire bat (D:5)
  6 crimson imps
  4 bullfrog zombies
  A howler monkey (D:5)
  2 quasits
  11 hounds
  8 jellies
  2 bullfrog skeletons
  12 orc priests
  Natasha (thrice) (D:3)
  3 iguanas
  16 orc wizards
  4 worker ants
  A spectral hound (D:9)
  A hound zombie (D:9)
  A hound skeleton (D:10)
  4 gnolls
  9 adders
  2 shadow imps (D:7)
  7 oozes
  An adder zombie (D:8)
  2 adder skeletons (D:6)
  3 worms
  6 leopard geckos
  53 orcs
  8 bats
  2 bat skeletons (D:5)
  3 bat zombies (D:5)
  5 giant cockroaches
  11 goblins
  4 hobgoblins
  8 jackals
  14 kobolds
  6 quokkas
  4 ball pythons
  6 frilled lizards
  A giant cockroach zombie (D:6)
  2 goblin skeletons (D:8)
  2 goblin zombies (D:8)
  3 hobgoblin zombies (D:8)
  3 kobold skeletons (D:8)
  3 orc zombies (D:8)
  A quokka skeleton (D:9)
  A quokka zombie (D:5)
  8 rats
  A rat zombie (D:5)
342 creatures vanquished.

Vanquished Creatures (others)
  A slave (D:8)
1 creature vanquished.

Grand Total: 343 creatures vanquished

Notes
Turn   | Place    | Note
-------+----------+-------------------------------------------
     0 | D:1      | Amnesiac the Mummy Monk began the quest for the Orb.
     0 | D:1      | Reached XP level 1. HP: 18/18 MP: 1/1
   260 | D:2      | Reached XP level 2. HP: 14/24 MP: 2/2
   350 | D:2      | Found a hazy altar of Hepliaklqana.
   752 | D:3      | Reached XP level 3. HP: 23/29 MP: 3/3
   874 | D:4      | Found a blossoming altar of Fedhas.
   877 | D:4      | Found a hide-covered altar of Uskayaw.
   880 | D:4      | Found a stormy altar of Qazlal.
   883 | D:4      | Found a basalt altar of Yredelemnul.
   979 | D:3      | Reached XP level 4. HP: 20/37 MP: 4/4
  1709 | D:4      | Reached XP level 5. HP: 37/42 MP: 5/5
  1771 | D:4      | Noticed an ogre
  1791 | D:4      | Killed an ogre
  1791 | D:4      | Reached XP level 6. HP: 28/49 MP: 6/6
  1938 | D:4      | Found Ixycol's Book Shop.
  1973 | D:4      | Found an ornate altar of the Wu Jian Council.
  2123 | D:4      | Reached skill level 5 in Dodging
  2549 | D:5      | Entered Level 5 of the Dungeon
  2724 | D:5      | Found a sparkling altar of Nemelex Xobeh.
  2829 | D:6      | Learned a level 1 spell: Confusing Touch
  2854 | D:6      | Found a staircase to the Ecumenical Temple.
  2865 | Temple   | Entered the Ecumenical Temple
  2883 | Temple   | Became a worshipper of Vehumet
  2883 | Temple   | Reached * piety under Vehumet
  2883 | Temple   | Offered knowledge of Sandblast by Vehumet.
  2883 | Temple   | Reached ** piety under Vehumet
  2886 | Temple   | Learned a level 1 spell: Sandblast
  2914 | D:6      | Offered knowledge of Searing Ray by Vehumet.
  3011 | D:5      | Reached skill level 1 in Earth Magic
  3213 | D:5      | Got a faintly humming ring mail
  3224 | D:5      | Identified the +5 ring mail of Duty {rElec rPois rF-
                  | Stlth+} (You found it on level 5 of the Dungeon)
  3456 | D:4      | Reached skill level 1 in Spellcasting
  3456 | D:4      | Reached XP level 7. HP: 51/55 MP: 5/8
  4295 | D:2      | Offered knowledge of Inner Flame by Vehumet.
  4786 | D:3      | Noticed Natasha
  4791 | D:3      | Killed Natasha
  4925 | D:3      | Reached *** piety under Vehumet
  5166 | D:3      | Noticed Natasha
  5191 | D:3      | Killed Natasha
  5276 | D:3      | Noticed Natasha
  5291 | D:3      | Killed Natasha
  5712 | D:4      | Found Yluoze's Food Boutique.
  6198 | D:5      | Found an ancient bone altar of Kikubaaqudgha.
  7118 | D:7      | Reached XP level 8. HP: 38/61 MP: 14/14
  7188 | D:7      | Noticed a hippogriff
  7422 | D:7      | Killed a hippogriff
  7422 | D:7      | Reached skill level 5 in Fighting
  7445 | D:7      | Offered knowledge of Ignite Poison by Vehumet.
  7479 | D:7      | Found a glowing golden altar of the Shining One.
  7563 | D:7      | Reached skill level 5 in Earth Magic
  7567 | D:7      | Reached skill level 5 in Spellcasting
  7799 | D:7      | Noticed a hippogriff
  7808 | D:7      | Killed a hippogriff
  7808 | D:7      | Reached XP level 9. HP: 62/68 MP: 16/18
  8007 | D:8      | Reached **** piety under Vehumet
  8023 | D:8      | Noticed a two-headed ogre
  8027 | D:8      | Reached skill level 1 in Shields
  8037 | D:8      | Noticed a troll
  8043 | D:8      | Killed a troll
  8071 | D:8      | Found a staircase to the Lair.
  8167 | D:8      | Offered knowledge of Iskenderun's Battlesphere by Vehumet.
  8205 | D:8      | Noticed Harold
  8307 | D:8      | Noticed Pikel
  8335 | D:8      | Killed Pikel
  8361 | D:8      | Killed a two-headed ogre
  8361 | D:8      | Reached XP level 10. HP: 35/74 MP: 17/22
  8653 | D:8      | Found a glowing golden altar of the Shining One.
  8675 | D:8      | Found a burning altar of Makhleb.
  8678 | D:8      | Found a deep blue altar of Sif Muna.
  8781 | D:8      | Found an iron altar of Okawaru.
  8782 | D:8      | Found a snail-covered altar of Cheibriados.
  8949 | D:8      | Killed Harold
  9166 | D:9      | Reached ***** piety under Vehumet
  9296 | D:9      | Offered knowledge of Iskenderun's Mystic Blast by Vehumet.
  9489 | D:9      | Found Una Guli's Armour Shoppe.
  9492 | D:9      | Bought a +0 buckler for 45 gold pieces
  9536 | D:9      | Found Ynyeps's Magic Scroll Shop.
  9600 | D:9      | Found Epri Bugge's Antique Weapon Shop.
  9941 | D:9      | Found a staircase to the Orcish Mines.
 10201 | D:10     | Entered Level 10 of the Dungeon
 10465 | D:10     | Noticed a two-headed ogre
 10476 | D:10     | Killed a two-headed ogre
 10476 | D:10     | Reached skill level 10 in Spellcasting
 10476 | D:10     | Reached skill level 10 in Earth Magic
 10512 | D:10     | Reached XP level 11. HP: 75/79 MP: 25/25
 10523 | D:10     | Noticed a purple ugly thing
 10554 | D:10     | Killed a purple ugly thing
 10771 | D:10     | Got a sparkling garnet amulet
 10773 | D:10     | Identified the amulet of Xemudaxarph {+Rage MR- Int+6
                  | Dex+4} (You found it on level 10 of the Dungeon)
 10988 | D:10     | Got a translucent ring mail
 11049 | D:10     | Identified the +1 ring mail of the City {Int+5 Dex+2} (You
                  | found it on level 10 of the Dungeon)
 11226 | D:10     | Identified a scroll of acquirement {!r}
 11258 | D:11     | Found a viscous altar of Jiyva.
 11425 | D:11     | Noticed Nergalle
 11455 | D:11     | Killed Nergalle
 12064 | Orc:1    | Entered Level 1 of the Orcish Mines
 12305 | Orc:1    | Noticed an orc sorcerer
 12321 | Orc:1    | Killed an orc sorcerer
 12541 | Orc:2    | Entered Level 2 of the Orcish Mines
 12564 | Orc:2    | Found Pygegutoz's Antique Weapon Shop.
 12705 | Orc:1    | Noticed a two-headed ogre
 12705 | Orc:1    | Noticed an orc sorcerer
 13077 | Orc:2    | Slain by an orc warrior

Vault maps used:
D:1:      evilmike_arrival_home_sweet_home
D:2:      nicolae_overflow_crystal_walls, minmay_octomino_c4
D:3:      corexii_shack_village, uniq_natasha
D:4:      kennysheep_little_box, grunt_temple_overflow_cloverleaf, first_ration,
          serial_shops, shop, nicolae_shop_temple_entry_statues_fountains
D:5:      kennysheep_vampire_church, lemuel_doored_altar, enter_ossuary_4
D:6:      minmay_temple_entry_junction_2, grunt_ministairs_3,
          minmay_misc_feat_square, roderic_roman_lattice
D:7:      overflow_temple_1_default
D:8:      nicolae_overflow_hidden_temple, erik_lair_island,
          hangedman_little_slice_of_home, nicolae_tso_besieged_by_evil,
          uniq_harold, uniq_pikel
D:9:      erik_orc_1, serial_shops, nicolae_shop_window_shopping,
          nicolae_shop_waterfront, kennysheep_mini_moat, hangedman_weighted_door
D:10:     minmay_the_grid_2x2
D:11:     kennysheep_crisscross, minivault_25, st_stairs_4, jiyva_altar_1,
          uniq_nergalle
Temple:   jpeg_temple_island
Orc:1:    uniq_erolcha
Orc:2:    st_orc_pillars, serial_shops, shop

Skill      XL: |  1  2  3  4  5  6  7  8  9 10 11 |
---------------+----------------------------------+-----
Dodging        | 3 4 5 |  5.2
Fighting       | 4 5 |  5.1
Earth Magic    | 2 4 6 8 10 11 | 11.5
Spellcasting   | 1 4 6 8 10 11 | 11.5
Shields        | 3 4 |  4.0
Short Blades   | |  2.4
Stealth        | |  1.5

Action                   |  1- 3 |  4- 6 |  7- 9 | 10-12 || total
-------------------------+-------+-------+-------+-------++-------
Melee: Short sword       |   126 |    39 |       |       ||   165
       Dagger            |       |   278 |   342 |       ||   620
       Unarmed           |       |    18 |    20 |    15 ||    53
       Scimitar          |       |       |    82 |   282 ||   364
 Cast: Confusing Touch   |       |    10 |    16 |     8 ||    34
       Sandblast         |       |       |    81 |   189 ||   270
Evoke: Wand              |     3 |     3 |     2 |     6 ||    14
  Use: Scroll            |       |     8 |     6 |     2 ||    16
 Stab: Sleeping          |     1 |       |    14 |     3 ||    18
       Confused          |       |     8 |    14 |     2 ||    24
       Distracted        |       |       |     3 |       ||     3
Armor: Robe              |    10 |       |       |       ||    10
       Leather armour    |    15 |     1 |       |       ||    16
       Ring mail         |       |    35 |   162 |   170 ||   367
Dodge: Dodged            |   100 |   137 |   251 |   293 ||   781
Block: Buckler           |       |       |       |    91 ||    91
       Rpst.: Scimitar   |       |       |    28 |    78 ||   106

Table legend:
 A = Non-vault XP
 B = Vault XP
 C = Vault XP percentage of total XP
 D = Non-vault monster count
 E = Vault monster count
 F = Vault count percentage of total count
                 A         B        C        D         E       F
            +---------+---------+-------+---------+---------+-------
      Total |   12458 |    6618 |  34.7 |     242 |      97 |  28.6
            +---------+---------+-------+---------+---------+-------
        D:1 |      32 |       0 |   0.0 |      20 |       0 |   0.0
        D:2 |      52 |      12 |  18.8 |      18 |       5 |  21.7
        D:3 |     243 |      57 |  19.0 |      31 |      12 |  27.9
        D:4 |     507 |       0 |   0.0 |      21 |       0 |   0.0
        D:5 |     168 |      69 |  29.1 |       6 |       8 |  57.1
        D:6 |      78 |       0 |   0.0 |       7 |       0 |   0.0
        D:7 |    1676 |      43 |   2.5 |      25 |       1 |   3.8
        D:8 |    1932 |    2571 |  57.1 |      17 |      32 |  65.3
        D:9 |    1201 |     729 |  37.8 |      15 |      22 |  59.5
       D:10 |    2560 |    1875 |  42.3 |      24 |      10 |  29.4
       D:11 |    1693 |    1262 |  42.7 |      21 |       7 |  25.0
      Orc:1 |    1509 |       0 |   0.0 |      22 |       0 |   0.0
      Orc:2 |     807 |       0 |   0.0 |      15 |       0 |   0.0
            +---------+---------+-------+---------+---------+-------
